 Dungeon Crawl Stone Soup version 0.18.1-5-g4a78601 (webtiles) character file.

696 M4edhros the Nimble (level 7, -15/43 HPs)
             Began as an Octopode Artificer on May 13, 2016.
             Demolished by an ice beast (24 damage)
             ... on level 5 of the Dungeon.
             The game lasted 00:05:28 (4038 turns).

M4edhros the Nimble (Octopode Artificer)            Turns: 4038, Time: 00:05:30

Health: -15/43     AC:  1    Str:  9 (11) XL:     7   Next: 64%
Magic:  9/9        EV: 13    Int: 13 (14) God:
Gold:   86         SH:  0    Dex:  5 (14) Spells: 0 memorised, 6 levels left

rFire  + . .     SeeInvis .     u - +0 dagger (venom)
rCold  x . .     Gourm    .     (no shield)
rNeg   . . .     Faith    .     (helmet restricted)
rPois  +         Spirit   .     (no amulet)
rElec  .         Dismiss  .     e - ring of fire
rCorr  .         Reflect  .     k - ring of poison resistance
SustAt .         Harm     .     (no ring)
MR     .....                    (no ring)
Stlth  +++++.....               (no ring)
                                (no ring)
                                (no ring)
                                (no ring)

@: not resistant to hostile enchantments, quite stealthy
A: almost no armour, amphibious, 8 rings, constrict 8, camouflage 1,
deterioration 1, gelatinous body 1, subdued magic 1
a: no special abilities


You were on level 5 of the Dungeon.
You were hungry.

You visited 1 branch of the dungeon, and saw 5 of its levels.

You collected 113 gold pieces.
You spent 27 gold pieces at shops.

Inventory:

Hand Weapons
 a - a +0 short sword
 o - a cursed -2 hunting sling
 u - a +0 dagger of venom (weapon)
Missiles
 h - 7 curare-tipped needles
 n - 16 stones (quivered)
Jewellery
 e - a ring of fire (left tentacle)
 i - an uncursed ring of ice
 k - a ring of poison resistance (right tentacle)
Wands
 b - a wand of flame (6/48)
 c - a wand of enslavement (6/24)
 d - a wand of random effects (15/48)
 s - a wand of confusion (12/48)
Scrolls
 g - a scroll of fear {unknown}
 j - a scroll of recharging {unknown}
 p - a scroll of remove curse {unknown}
 q - a scroll of identify {unknown}
 w - a scroll of random uselessness {unknown}
Potions
 l - a potion of cancellation
Books
 t - a book of the Tempests

   Spells                             Type                      Level
   a - Static Discharge               Conjuration/Air              3
   b - Lightning Bolt                 Conjuration/Air              5
   c - Fireball                       Conjuration/Fire             5
   d - Tornado                        Air                          9
   e - Shatter                        Earth                        9
Comestibles
 f - 2 bread rations
 r - a slice of pizza


   Skills:
 - Level 1.0 Fighting
 - Level 1.0 Short Blades
 - Level 10.5 Dodging
 + Level 9.0 Stealth
 - Level 3.2 Evocations


You had 6 spell levels left.
You didn't know any spells.

Dungeon Overview and Level Annotations

Branches:
Dungeon (5/15)
 Temple: D:4-7

Altars:

Shops:
D:4 *=

Annotations:
D:3 DEFE's ghost, amateur VSMo
D:5 dracos369's ghost, amateur MfSk


Innate Abilities, Weirdness & Mutations

You cannot wear most types of armour.
You are amphibious.
You can wear up to eight rings at the same time.
You can use your tentacles to constrict eight enemies at once.
Your skin changes colour to match your surroundings (Stealth).
Your rubbery body absorbs attacks (AC +1).
Your body sometimes deteriorates upon taking damage.
Your spells are a little easier to cast, but a little less powerful.


Message History

The puff of flame misses the ice beast.
This wand has 8 charges left.
The ice beast hits you but does no damage.
Evoke which item? (* to show all) (? for menu, Esc to quit)
Zapping:
b - a wand of flame (8/48)
Press: ? - help, Shift-Dir - straight line, f/p - ice beast
Aim: an ice beast (almost dead)
The puff of flame misses the ice beast.
This wand has 7 charges left.
The ice beast hits you. The ice beast freezes you!
You feel a terrible chill!
* * * LOW HITPOINT WARNING * * *
Evoke which item? (* to show all) (? for menu, Esc to quit)
Zapping:
b - a wand of flame (7/48)
Press: ? - help, Shift-Dir - straight line, f/p - ice beast
Aim: an ice beast (almost dead)
The puff of flame hits the ice beast.
The ice beast melts!
The ice beast is almost dead.
This wand has 6 charges left.
The ice beast hits you.
* * * LOW HITPOINT WARNING * * *
The ice beast freezes you!!
You feel a terrible chill!
Ouch! That really hurt!
You die...

.#. #####.#.#.#
...###.......#.#
....#.#...#.#.##########
#.#.#.....#.#...........
...#.....#.#...........
.................####.
#######.#.......#.####.##
#. ....$...####.##.#.# #..#
#. ######....Y@....#.#
##.###.
........###.####.#####..##.
...........!.......)..(....
######.#.##.###########..#.
..#.#..< ........#.
.#.#.#..# ......#.#.
#......... ....#.#.#.
..#......### ....#.#...
.##........ ... #.#...


You could see an ice beast.

Vanquished Creatures
  A centaur (D:5)
  A scorpion (D:5)
  A hound (D:5)
  A giant frog zombie (D:5)
  2 orc wizards
  An orc priest (D:4)
  Ijyb (D:2)
  2 worker ants (D:4)
  A howler monkey zombie (D:5)
  5 adders
  An adder skeleton (D:5)
  A worm (D:3)
  A dart slug (D:4)
  4 giant geckos
  12 orcs
  4 bats
  3 giant cockroaches
  8 goblins
  4 hobgoblins (D:1)
  4 jackals
  2 quokkas (D:4)
  A giant gecko skeleton (D:4)
  2 giant newts
  4 kobolds
  7 rats
74 creatures vanquished.

Vanquished Creatures (collateral kills)
  Menkaure (D:5)
  A quasit (D:5)
  A hound (D:5)
3 creatures vanquished.

Vanquished Creatures (others)
  An ogre (D:5)
  An adder (D:3)
  A hobgoblin (D:2)
  A kobold (D:2)
4 creatures vanquished.

Grand Total: 81 creatures vanquished

Notes
Turn   | Place    | Note
--------------------------------------------------------------
     0 | D:1      | M4edhros the Octopode Artificer began the quest for the Orb.
     0 | D:1      | Reached XP level 1. HP: 13/13 MP: 3/3
   148 | D:1      | Reached XP level 2. HP: 17/18 MP: 4/4
   406 | D:2      | Noticed Ijyb
   419 | D:2      | Killed Ijyb
   419 | D:2      | Reached skill level 5 in Stealth
   419 | D:2      | Reached XP level 3. HP: 20/23 MP: 5/5
   443 | D:3      | Noticed DEFE's ghost (amateur VSMo)
   444 | D:3      | Found a faded altar to an unknown god.
   452 | D:3      | Reached skill level 10 in Dodging
   452 | D:3      | Reached XP level 4. HP: 23/28 MP: 6/6
   791 | D:2      | Reached XP level 5. HP: 33/33 MP: 7/7
  1614 | D:4      | Noticed a phantom
  1619 | D:4      | Found Ijiap's Jewellery Boutique.
  1829 | D:4      | Found Kodd's General Store.
  1837 | D:4      | Bought a potion of mutation for 27 gold pieces
  1837 | D:4      | Gained mutation: Your spells are a little easier to cast, but a little less powerful. [potion of mutation]
  1837 | D:4      | Gained mutation: Your body sometimes deteriorates upon taking damage. [potion of mutation]
  2166 | D:3      | Reached XP level 6. HP: 23/38 MP: 8/8
  3260 | D:5      | Entered Level 5 of the Dungeon
  3262 | D:5      | Noticed dracos369's ghost (amateur MfSk)
  3367 | D:5      | Noticed an ice beast
  3380 | D:5      | Reached XP level 7. HP: 16/43 MP: 9/9
  3627 | D:5      | Killed Menkaure
  3674 | D:5      | Killed a centaur
  4038 | D:5      | Demolished by an ice beast

Skill      XL: |  1  2  3  4  5  6  7 |
---------------+----------------------+-----
Stealth        | 3 5 6 7 9 |  9.0
Dodging        | 10 | 10.5
Fighting       | |  1.0
Short Blades   | |  1.0
Evocations     | |  3.2

Action                   |  1- 3 |  4- 6 |  7- 9 || total
-------------------------+-------+-------+-------++-------
Melee: Short sword       |    35 |    93 |       ||   128
       Constrict         |    10 |    36 |     3 ||    49
       Tentacles         |     8 |    31 |     6 ||    45
       Dagger            |       |    50 |    20 ||    70
Evoke: Wand              |       |     9 |    11 ||    20
  Use: Potion            |     2 |     4 |       ||     6
 Stab: Sleeping          |    10 |     6 |       ||    16
  Eat: Chunk             |       |     3 |     1 ||     4
       Meat ration       |       |     1 |       ||     1
Armor: Skin              |     1 |    11 |     4 ||    16
Dodge: Dodged            |    11 |   175 |    18 ||   204
